[ AOE2 MATCH · #463528543 ]
Team RMVietnamese vs Portuguese
[ REPLAY ANALYSIS · EXTRACTED FROM THE RECORDED GAME ]
Feudal
16:16
Castle
26:05
Imperial
—
| APM avg | 39.2 |
| APM peak | 83 |
| eAPM avg | 13.5 |
| Villagers / military | 142 / 99 |
Focus
⚔️ 17.4% · 🌾 82.6%
Archer ×89 · Fishing Ship ×24 · Spearman ×10 · Unknown (2626) ×2
Feudal
15:34
Castle
20:26
Imperial
—
| APM avg | 29.0 |
| APM peak | 80 |
| eAPM avg | 12.1 |
| Villagers / military | 93 / 49 |
Focus
⚔️ 17.4% · 🌾 82.6%
Organ Gun ×22 · Fishing Ship ×17 · Battering Ram ×11 · Monk ×9 · Petard ×7
Feudal
14:22
Castle
19:51
Imperial
37:01
| APM avg | 14.4 |
| APM peak | 41 |
| eAPM avg | 11.8 |
| Villagers / military | 131 / 87 |
Focus
⚔️ 21.3% · 🌾 78.7%
Tarkan ×44 · Cavalry Archer ×27 · Skirmisher ×13 · Spearman ×2 · Trebuchet (Packed) ×1
Feudal
13:31
Castle
27:37
Imperial
—
| APM avg | 14.0 |
| APM peak | 31 |
| eAPM avg | 8.0 |
| Villagers / military | 35 / 40 |
Focus
⚔️ 25.0% · 🌾 75.0%
Scout Cavalry ×33 · Fishing Ship ×17 · Militia ×3 · Skirmisher ×3 · Fire Galley ×1
Feudal
14:12
Castle
22:42
Imperial
—
| APM avg | 28.8 |
| APM peak | 57 |
| eAPM avg | 12.3 |
| Villagers / military | 47 / 39 |
Focus
⚔️ 11.6% · 🌾 88.4%
Scout Cavalry ×34 · Spearman ×5
Feudal
15:01
Castle
22:01
Imperial
38:48
| APM avg | 17.1 |
| APM peak | 44 |
| eAPM avg | 14.7 |
| Villagers / military | 141 / 105 |
Focus
⚔️ 21.3% · 🌾 78.7%
Throwing Axeman ×65 · Scout Cavalry ×28 · Fishing Ship ×17 · Battering Ram ×8 · Knight ×4
Match map
Initial resources + every placement click. Lines = walls · curves = elevation contours. ◆ gold · ⬟ stone · ● berries · ✦ relic · ◌ wall gap
Inputs per minute
— OReiDoPoker - - 2384823078
Build order — OReiDoPoker
First 150 of 235 actions detected
| 1:00 | Build | Town Center |
| 1:10 | Build | House |
| 1:12 | Build | Dock |
| 3:05 | Create | Villager (Male) ×4 |
| 4:14 | Create | Fishing Ship |
| 4:26 | Create | Villager (Male) |
| 4:37 | Build | House |
| 5:08 | Research | Loom |
| 5:17 | Create | Fishing Ship |
| 5:45 | Create | Villager (Male) |
| 6:03 | Create | Villager (Male) |
| 6:30 | Create | Villager (Male) |
| 6:30 | Create | Villager (Male) |
| 6:30 | Create | Villager (Male) |
| 6:39 | Create | Villager (Male) |
| 6:53 | Create | Villager (Male) |
| 6:53 | Create | Villager (Male) |
| 7:08 | Build | House |
| 7:15 | Build | House |
| 7:31 | Create | Villager (Male) ×2 |
| 7:31 | Create | Villager (Male) ×2 |
| 7:48 | Create | Villager (Male) |
| 7:48 | Create | Villager (Male) |
| 8:08 | Create | Villager (Male) |
| 8:08 | Create | Villager (Male) |
| 8:22 | Build | House |
| 8:25 | Create | Fishing Ship |
| 8:34 | Create | Villager (Male) |
| 8:34 | Create | Villager (Male) |
| 8:59 | Create | Villager (Male) |
| 9:00 | Create | Villager (Male) |
| 9:07 | Create | Fishing Ship |
| 9:07 | Create | Fishing Ship |
| 9:16 | Build | House |
| 9:29 | Create | Villager (Male) |
| 9:49 | Create | Villager (Male) |
| 9:49 | Create | Villager (Male) |
| 9:50 | Create | Villager (Male) |
| 9:54 | Create | Fishing Ship |
| 10:14 | Create | Villager (Male) |
| 10:15 | Create | Villager (Male) |
| 10:21 | Create | Fishing Ship |
| 10:29 | Build | House |
| 11:07 | Create | Villager (Male) ×3 |
| 11:07 | Create | Villager (Male) |
| 11:12 | Build | Dock |
| 11:23 | Create | Villager (Male) |
| 11:24 | Create | Villager (Male) |
| 11:29 | Create | Fishing Ship |
| 11:54 | Create | Fishing Ship |
| 11:57 | Create | Villager (Male) |
| 12:12 | Build | House |
| 12:14 | Build | House |
| 12:16 | Create | Fishing Ship |
| 12:41 | Build | Lumber Camp |
| 13:20 | Create | Fishing Ship ×2 |
| 13:20 | Create | Fishing Ship ×2 |
| 14:02 | Build | House |
| 14:03 | Build | House |
| 14:03 | Build | House |
| 14:06 | Research | Feudal Age |
| 14:54 | Build | House |
| 14:59 | Create | Fishing Ship ×5 |
| 15:00 | Create | Fishing Ship ×5 |
| 15:30 | Build | Barracks |
| 16:16 | Age | Feudal Age |
| 16:19 | Create | Villager (Male) ×5 |
| 16:24 | Research | Double-Bit Axe |
| 16:26 | Build | Archery Range |
| 16:28 | Build | Blacksmith |
| 17:03 | Build | Mining Camp |
| 17:23 | Create | Archer |
| 17:31 | Build | Archery Range |
| 17:46 | Research | Gold Mining |
| 17:50 | Create | Villager (Male) ×5 |
| 17:51 | Create | Villager (Male) ×5 |
| 17:51 | Create | Villager (Male) ×5 |
| 18:16 | Create | Archer |
| 18:23 | Build | House |
| 19:02 | Create | Archer ×2 |
| 19:02 | Create | Archer ×2 |
| 19:19 | Create | Villager (Male) |
| 19:29 | Build | Mining Camp |
| 20:03 | Create | Archer ×2 |
| 20:14 | Create | Archer |
| 20:14 | Create | Archer |
| 20:53 | Build | House |
| 21:12 | Build | Mining Camp |
| 21:20 | Research | Fletching |
| 21:34 | Create | Archer ×4 |
| 22:31 | Research | Castle Age |
| 22:40 | Research | Padded Archer Armor |
| 23:11 | Build | House |
| 23:12 | Build | House |
| 23:13 | Build | House |
| 23:13 | Build | House |
| 23:13 | Build | House |
| 23:13 | Build | House |
| 23:14 | Build | House |
| 23:14 | Build | House |
| 25:09 | Create | Spearman ×5 |
| 25:53 | Create | Villager (Male) |
| 25:53 | Create | Villager (Male) |
| 25:54 | Create | Villager (Male) |
| 26:05 | Age | Castle Age |
| 26:06 | Research | Crossbowman (upgrade) |
| 26:14 | Build | Town Center |
| 26:16 | Research | Stone Mining |
| 26:42 | Research | Stone Shaft Mining |
| 26:49 | Research | Bodkin Arrow |
| 27:13 | Create | Unit 2626 |
| 27:18 | Create | Unit 2626 |
| 27:34 | Create | Villager (Male) ×4 |
| 27:54 | Create | Archer ×5 |
| 27:54 | Create | Archer ×5 |
| 27:59 | Create | Villager (Male) ×2 |
| 27:59 | Create | Villager (Male) ×2 |
| 27:59 | Create | Villager (Male) ×2 |
| 28:47 | Research | Pikeman (upgrade) |
| 28:52 | Create | Villager (Male) |
| 28:52 | Create | Villager (Male) |
| 29:12 | Build | Town Center |
| 29:23 | Create | Archer ×5 |
| 29:43 | Create | Villager (Male) ×3 |
| 29:43 | Create | Villager (Male) |
| 31:13 | Create | Villager (Male) ×3 |
| 31:14 | Create | Villager (Male) |
| 31:30 | Research | Town Watch |
| 32:00 | Create | Villager (Male) |
| 32:00 | Create | Villager (Male) |
| 32:39 | Build | Mill |
| 33:09 | Research | Horse Collar |
| 33:44 | Research | Heavy Plow |
| 34:02 | Build | House |
| 34:02 | Build | House |
| 34:03 | Build | House |
| 34:03 | Build | House |
| 34:03 | Build | House |
| 34:27 | Research | Town Patrol |
| 34:28 | Research | Wheelbarrow |
| 35:24 | Research | Thumb Ring |
| 35:30 | Build | Farm |
| 35:31 | Build | Farm |
| 35:31 | Build | Farm |
| 35:31 | Build | Farm |
| 35:31 | Build | Farm |
| 35:31 | Build | Farm |
| 35:32 | Build | Farm |
| 35:32 | Build | Farm |
| 35:32 | Build | Farm |
Build order — 2384823078
First 150 of 214 actions detected
| 0:06 | Build | Town Center |
| 2:24 | Create | Villager (Male) |
| 2:24 | Create | Villager (Male) |
| 2:45 | Create | Villager (Male) |
| 3:19 | Build | House |
| 3:46 | Create | Villager (Male) |
| 4:30 | Create | Villager (Male) |
| 4:49 | Build | House |
| 5:22 | Create | Villager (Male) |
| 5:35 | Create | Villager (Male) |
| 5:43 | Create | Villager (Male) |
| 6:11 | Create | Villager (Male) |
| 7:08 | Build | Mill |
| 7:16 | Create | Villager (Male) |
| 7:16 | Create | Villager (Male) |
| 7:23 | Build | House |
| 7:32 | Create | Villager (Male) |
| 8:48 | Create | Villager (Male) |
| 9:14 | Create | Villager (Male) |
| 9:19 | Create | Villager (Male) |
| 9:27 | Build | House |
| 9:39 | Create | Villager (Male) |
| 9:56 | Build | Dock |
| 10:03 | Create | Villager (Male) |
| 10:19 | Create | Villager (Male) |
| 10:39 | Create | Villager (Male) |
| 10:41 | Create | Fishing Ship |
| 10:42 | Create | Fishing Ship |
| 11:17 | Create | Villager (Male) |
| 11:22 | Create | Fishing Ship |
| 11:40 | Build | House |
| 11:46 | Create | Fishing Ship |
| 12:02 | Create | Villager (Male) |
| 12:08 | Create | Villager (Male) |
| 12:09 | Create | Villager (Male) |
| 12:16 | Create | Fishing Ship |
| 13:05 | Research | Feudal Age |
| 13:57 | Build | House |
| 14:06 | Create | Fishing Ship |
| 14:06 | Create | Fishing Ship |
| 14:07 | Create | Fishing Ship |
| 14:28 | Create | Fishing Ship |
| 14:29 | Create | Fishing Ship |
| 14:53 | Create | Fishing Ship |
| 14:59 | Build | House |
| 15:10 | Build | Mining Camp |
| 15:31 | Build | Mining Camp |
| 15:34 | Age | Feudal Age |
| 15:35 | Create | Villager (Male) |
| 15:36 | Create | Villager (Male) |
| 15:59 | Create | Fishing Ship |
| 16:16 | Build | Market |
| 16:39 | Create | Villager (Male) |
| 16:39 | Create | Villager (Male) |
| 16:51 | Research | Gold Mining |
| 17:03 | Build | Blacksmith |
| 17:46 | Research | Castle Age |
| 17:54 | Build | House |
| 17:59 | Create | Fishing Ship |
| 18:03 | Build | House |
| 18:06 | Build | House |
| 18:16 | Create | Fishing Ship |
| 18:36 | Research | Gold Mining |
| 18:41 | Build | House |
| 19:18 | Build | House |
| 19:21 | Build | House |
| 19:31 | Create | Fishing Ship |
| 19:44 | Create | Fishing Ship |
| 19:48 | Build | House |
| 20:21 | Create | Villager (Male) |
| 20:22 | Create | Villager (Male) |
| 20:22 | Create | Villager (Male) |
| 20:22 | Create | Villager (Male) |
| 20:26 | Age | Castle Age |
| 20:40 | Build | Monastery |
| 20:53 | Create | Villager (Male) |
| 21:26 | Create | Villager (Male) |
| 21:58 | Build | Castle |
| 22:22 | Create | Villager (Male) |
| 22:24 | Create | Villager (Male) |
| 22:39 | Create | Villager (Male) |
| 22:42 | Create | Monk |
| 22:42 | Create | Monk |
| 22:44 | Create | Monk |
| 22:44 | Create | Monk |
| 22:44 | Create | Monk |
| 22:44 | Create | Monk |
| 22:45 | Create | Monk |
| 23:01 | Create | Villager (Male) |
| 23:14 | Create | Fishing Ship |
| 23:38 | Create | Villager (Male) |
| 24:03 | Build | Lumber Camp |
| 24:41 | Create | Petard |
| 24:42 | Create | Petard |
| 24:42 | Create | Petard |
| 24:42 | Create | Petard |
| 24:42 | Create | Petard |
| 24:43 | Create | Petard |
| 24:57 | Create | Petard |
| 26:06 | Create | Monk |
| 26:07 | Create | Monk |
| 26:27 | Create | Organ Gun |
| 26:43 | Create | Villager (Male) |
| 26:47 | Create | Villager (Male) |
| 26:47 | Create | Villager (Male) |
| 26:51 | Create | Organ Gun |
| 28:25 | Build | Town Center |
| 28:30 | Create | Villager (Male) |
| 28:30 | Create | Villager (Male) |
| 28:47 | Create | Villager (Male) |
| 28:47 | Create | Villager (Male) |
| 29:06 | Build | Siege Workshop |
| 29:13 | Create | Organ Gun |
| 29:13 | Create | Organ Gun |
| 29:19 | Create | Villager (Male) |
| 29:52 | Create | Battering Ram |
| 29:58 | Create | Villager (Male) |
| 29:58 | Create | Villager (Male) |
| 29:58 | Create | Villager (Male) |
| 30:05 | Create | Organ Gun |
| 30:07 | Create | Organ Gun |
| 30:17 | Create | Villager (Male) |
| 30:37 | Research | Town Watch |
| 30:49 | Create | Battering Ram |
| 31:04 | Create | Villager (Male) |
| 31:05 | Create | Villager (Male) |
| 31:05 | Create | Villager (Male) |
| 31:06 | Create | Villager (Male) |
| 31:06 | Create | Villager (Male) |
| 31:06 | Create | Villager (Male) |
| 31:18 | Build | Town Center |
| 31:28 | Create | Villager (Male) |
| 31:28 | Create | Villager (Male) |
| 31:57 | Create | Organ Gun |
| 32:28 | Build | Town Center |
| 32:33 | Create | Villager (Male) |
| 32:35 | Create | Villager (Male) |
| 32:37 | Create | Villager (Male) |
| 32:37 | Create | Villager (Male) |
| 32:37 | Create | Villager (Male) |
| 32:39 | Create | Battering Ram |
| 33:15 | Create | Battering Ram |
| 33:24 | Create | Villager (Male) |
| 34:10 | Create | Battering Ram |
| 34:10 | Create | Battering Ram |
| 34:23 | Create | Organ Gun |
| 34:29 | Create | Villager (Male) |
| 34:29 | Create | Villager (Male) |
| 34:29 | Create | Villager (Male) |
| 34:29 | Create | Villager (Male) |
Build order — esdrasvm
First 150 of 248 actions detected
| 0:25 | Build | Town Center |
| 2:43 | Create | Villager (Male) |
| 2:43 | Create | Villager (Male) |
| 2:48 | Create | Villager (Male) |
| 2:48 | Create | Villager (Male) |
| 3:52 | Create | Villager (Male) |
| 3:52 | Create | Villager (Male) |
| 4:30 | Create | Villager (Male) |
| 4:49 | Create | Villager (Male) |
| 5:42 | Create | Villager (Male) |
| 5:42 | Create | Villager (Male) |
| 6:00 | Create | Villager (Male) |
| 6:01 | Create | Villager (Male) |
| 6:09 | Create | Villager (Male) |
| 6:32 | Build | Lumber Camp |
| 6:45 | Create | Villager (Male) |
| 7:12 | Build | Mill |
| 8:08 | Research | Loom |
| 8:12 | Create | Villager (Male) |
| 8:14 | Create | Villager (Male) |
| 8:14 | Create | Villager (Male) |
| 8:14 | Create | Villager (Male) |
| 8:39 | Create | Villager (Male) |
| 8:39 | Create | Villager (Male) |
| 9:19 | Create | Villager (Male) |
| 9:19 | Create | Villager (Male) |
| 9:57 | Create | Villager (Male) |
| 9:57 | Create | Villager (Male) |
| 9:57 | Create | Villager (Male) |
| 9:58 | Create | Villager (Male) |
| 10:04 | Create | Villager (Male) |
| 10:06 | Create | Villager (Male) |
| 10:44 | Create | Villager (Male) |
| 10:46 | Create | Villager (Male) |
| 10:48 | Create | Villager (Male) |
| 11:30 | Create | Villager (Male) |
| 11:30 | Create | Villager (Male) |
| 11:31 | Create | Villager (Male) |
| 11:31 | Create | Villager (Male) |
| 11:31 | Create | Villager (Male) |
| 11:33 | Create | Villager (Male) |
| 11:42 | Create | Villager (Male) |
| 12:12 | Research | Feudal Age |
| 13:07 | Build | Barracks |
| 13:52 | Build | Farm |
| 13:53 | Build | Farm |
| 13:55 | Build | Farm |
| 13:56 | Build | Farm |
| 14:17 | Build | Farm |
| 14:22 | Age | Feudal Age |
| 14:31 | Research | Double-Bit Axe |
| 14:38 | Create | Villager (Male) |
| 15:05 | Create | Villager (Male) |
| 15:05 | Create | Villager (Male) |
| 15:32 | Build | Stable |
| 15:36 | Create | Villager (Male) |
| 16:07 | Build | Blacksmith |
| 16:20 | Create | Villager (Male) |
| 16:20 | Create | Villager (Male) |
| 16:36 | Build | Farm |
| 16:42 | Build | Farm |
| 17:11 | Research | Castle Age |
| 17:32 | Build | Mining Camp |
| 17:50 | Build | Farm |
| 18:27 | Research | Stone Mining |
| 18:35 | Build | Lumber Camp |
| 18:44 | Research | Bloodlines |
| 18:51 | Create | Spearman |
| 19:12 | Create | Spearman |
| 19:42 | Build | Market |
| 19:51 | Age | Castle Age |
| 20:38 | Build | Castle |
| 20:49 | Create | Villager (Male) |
| 20:49 | Create | Villager (Male) |
| 20:49 | Create | Villager (Male) |
| 20:50 | Create | Villager (Male) |
| 21:09 | Create | Villager (Male) |
| 21:09 | Create | Villager (Male) |
| 21:49 | Build | Town Center |
| 22:12 | Research | Fletching |
| 22:23 | Create | Villager (Male) |
| 22:23 | Create | Villager (Male) |
| 22:59 | Create | Villager (Male) |
| 23:21 | Create | Villager (Male) |
| 23:22 | Create | Villager (Male) |
| 23:55 | Create | Villager (Male) |
| 24:24 | Build | Farm |
| 24:27 | Build | Farm |
| 24:28 | Build | Farm |
| 24:31 | Build | Farm |
| 24:32 | Build | Farm |
| 24:34 | Build | Farm |
| 24:35 | Build | Farm |
| 24:51 | Build | Castle |
| 25:24 | Create | Villager (Male) |
| 25:24 | Create | Villager (Male) |
| 25:25 | Create | Villager (Male) |
| 25:25 | Create | Villager (Male) |
| 25:36 | Create | Villager (Male) |
| 25:40 | Create | Villager (Male) |
| 25:40 | Create | Villager (Male) |
| 26:18 | Create | Villager (Male) |
| 26:18 | Create | Villager (Male) |
| 26:18 | Create | Villager (Male) |
| 26:45 | Research | Gold Mining |
| 26:52 | Research | Bow Saw |
| 26:53 | Research | Horse Collar |
| 27:37 | Research | Wheelbarrow |
| 27:45 | Create | Villager (Male) |
| 28:20 | Build | Town Center |
| 28:25 | Create | Villager (Male) |
| 28:25 | Create | Villager (Male) |
| 28:36 | Research | Heavy Plow |
| 28:53 | Create | Villager (Male) |
| 28:53 | Create | Villager (Male) |
| 29:05 | Build | Town Center |
| 29:17 | Create | Villager (Male) |
| 29:18 | Create | Villager (Male) |
| 29:18 | Create | Villager (Male) |
| 29:18 | Create | Villager (Male) |
| 29:23 | Create | Villager (Male) |
| 29:24 | Create | Villager (Male) |
| 29:46 | Create | Villager (Male) |
| 29:47 | Create | Villager (Male) |
| 29:49 | Create | Villager (Male) |
| 30:33 | Build | Town Center |
| 31:07 | Research | Hand Cart |
| 31:13 | Create | Villager (Male) |
| 31:13 | Create | Villager (Male) |
| 31:13 | Create | Villager (Male) |
| 31:14 | Create | Villager (Male) |
| 31:24 | Create | Villager (Male) |
| 31:24 | Create | Villager (Male) |
| 31:24 | Create | Villager (Male) |
| 31:42 | Create | Tarkan ×2 |
| 31:43 | Create | Tarkan ×2 |
| 32:04 | Create | Tarkan |
| 32:32 | Create | Tarkan ×5 |
| 32:32 | Create | Tarkan ×5 |
| 33:23 | Create | Tarkan ×4 |
| 33:24 | Create | Tarkan ×4 |
| 33:26 | Create | Villager (Male) |
| 33:26 | Create | Villager (Male) |
| 33:40 | Research | Imperial Age |
| 33:43 | Create | Villager (Male) |
| 34:26 | Research | Squires |
| 34:27 | Research | Arson |
| 34:56 | Research | Padded Archer Armor |
| 34:58 | Create | Villager (Male) |
| 35:08 | Build | Farm |
Build order — heibanbaomc2003
148 actions detected in the replay
| 0:24 | Build | Town Center |
| 2:46 | Create | Villager (Male) |
| 2:46 | Create | Villager (Male) |
| 2:47 | Create | Villager (Male) |
| 2:53 | Build | House |
| 2:56 | Build | House |
| 3:01 | Create | Villager (Male) |
| 3:52 | Build | House |
| 4:19 | Create | Villager (Male) |
| 4:41 | Build | Mill |
| 4:53 | Create | Villager (Male) |
| 5:24 | Create | Villager (Male) |
| 6:31 | Create | Villager (Male) |
| 6:31 | Create | Villager (Male) |
| 6:57 | Create | Villager (Male) |
| 7:19 | Create | Villager (Male) |
| 7:43 | Build | Dock |
| 7:55 | Create | Villager (Male) |
| 8:25 | Create | Villager (Male) |
| 8:33 | Build | House |
| 8:50 | Create | Villager (Male) |
| 9:35 | Create | Fishing Ship |
| 9:40 | Create | Villager (Male) |
| 9:40 | Create | Villager (Male) |
| 10:30 | Create | Fishing Ship |
| 10:55 | Create | Villager (Male) |
| 11:21 | Research | Feudal Age |
| 11:36 | Create | Fishing Ship |
| 12:22 | Build | Lumber Camp |
| 12:38 | Build | House |
| 13:12 | Build | House |
| 13:31 | Age | Feudal Age |
| 13:35 | Create | Fishing Ship |
| 14:17 | Build | House |
| 14:21 | Create | Fishing Ship |
| 14:21 | Create | Fishing Ship |
| 14:29 | Create | Villager (Male) |
| 14:29 | Create | Villager (Male) |
| 14:31 | Research | Wheelbarrow |
| 14:37 | Create | Fishing Ship |
| 15:00 | Build | House |
| 15:10 | Create | Fishing Ship |
| 15:18 | Create | Villager (Male) |
| 15:28 | Build | Farm |
| 15:33 | Research | Horse Collar |
| 16:05 | Create | Fire Galley |
| 16:14 | Build | Farm |
| 17:01 | Build | Farm |
| 17:07 | Build | Farm |
| 17:10 | Build | Farm |
| 17:22 | Build | Farm |
| 18:09 | Build | Barracks |
| 18:45 | Create | Villager (Male) |
| 18:45 | Create | Villager (Male) |
| 18:45 | Create | Villager (Male) |
| 19:17 | Create | Militia |
| 19:17 | Create | Militia |
| 19:28 | Build | Archery Range |
| 19:38 | Build | Stable |
| 20:04 | Research | Loom |
| 20:10 | Create | Scout Cavalry |
| 20:10 | Create | Scout Cavalry |
| 20:10 | Create | Scout Cavalry |
| 20:13 | Create | Scout Cavalry |
| 20:32 | Build | Farm |
| 20:33 | Build | Farm |
| 21:00 | Create | Skirmisher |
| 21:01 | Create | Skirmisher |
| 21:03 | Create | Skirmisher |
| 21:20 | Create | Scout Cavalry |
| 21:21 | Create | Scout Cavalry |
| 21:22 | Create | Scout Cavalry |
| 21:22 | Create | Scout Cavalry |
| 21:23 | Create | Scout Cavalry |
| 21:40 | Create | Villager (Male) |
| 21:40 | Create | Villager (Male) |
| 21:41 | Create | Villager (Male) |
| 22:31 | Build | Farm |
| 22:57 | Build | House |
| 22:58 | Build | House |
| 22:59 | Build | House |
| 23:00 | Build | House |
| 23:01 | Build | House |
| 23:02 | Build | House |
| 23:15 | Build | Farm |
| 24:00 | Build | Market |
| 24:57 | Research | Castle Age |
| 26:04 | Build | Palisade Wall |
| 26:25 | Build | Blacksmith |
| 27:30 | Build | Farm |
| 27:35 | Create | Fishing Ship |
| 27:35 | Create | Fishing Ship |
| 27:37 | Age | Castle Age |
| 27:37 | Create | Fishing Ship |
| 28:17 | Create | Villager (Male) |
| 28:17 | Create | Villager (Male) |
| 28:17 | Create | Villager (Male) |
| 28:18 | Create | Villager (Male) |
| 28:19 | Research | Hand Cart |
| 28:44 | Research | Squires |
| 28:51 | Create | Militia |
| 30:05 | Build | Krepost |
| 31:19 | Build | Lumber Camp |
| 31:27 | Research | Husbandry |
| 31:27 | Research | Bloodlines |
| 31:28 | Create | Scout Cavalry |
| 31:28 | Research | Light Cavalry (upgrade) |
| 31:28 | Research | Light Cavalry (upgrade) |
| 31:43 | Build | Stable |
| 31:44 | Build | Stable |
| 31:51 | Create | Fishing Ship |
| 31:51 | Create | Fishing Ship |
| 33:35 | Create | Scout Cavalry |
| 33:36 | Create | Scout Cavalry |
| 33:37 | Create | Scout Cavalry |
| 33:37 | Create | Scout Cavalry |
| 33:38 | Create | Scout Cavalry |
| 33:39 | Create | Scout Cavalry |
| 33:39 | Create | Scout Cavalry |
| 33:39 | Create | Scout Cavalry |
| 33:40 | Create | Scout Cavalry |
| 33:46 | Create | Villager (Male) |
| 33:57 | Research | Forging |
| 33:59 | Research | Scale Barding Armor |
| 34:43 | Build | Lumber Camp |
| 35:59 | Create | Scout Cavalry |
| 35:59 | Create | Scout Cavalry |
| 36:00 | Create | Scout Cavalry |
| 36:00 | Create | Scout Cavalry |
| 36:00 | Create | Scout Cavalry |
| 36:00 | Create | Scout Cavalry |
| 36:01 | Create | Scout Cavalry |
| 36:24 | Create | Scout Cavalry |
| 36:24 | Create | Scout Cavalry |
| 36:25 | Create | Scout Cavalry |
| 36:25 | Create | Scout Cavalry |
| 36:25 | Create | Scout Cavalry |
| 36:25 | Create | Scout Cavalry |
| 36:43 | Create | Fishing Ship |
| 36:43 | Create | Fishing Ship |
| 37:02 | Create | Scout Cavalry |
| 38:43 | Build | Town Center |
| 40:08 | Create | Villager (Male) |
| 40:08 | Create | Villager (Male) |
| 40:08 | Create | Villager (Male) |
| 40:08 | Create | Villager (Male) |
| 40:18 | Create | Fishing Ship |
| 40:19 | Create | Fishing Ship |
Build order — younger
138 actions detected in the replay
| 0:43 | Build | Town Center |
| 2:51 | Build | House |
| 2:57 | Create | Villager (Male) |
| 2:58 | Create | Villager (Male) |
| 2:58 | Create | Villager (Male) |
| 2:58 | Create | Villager (Male) |
| 3:38 | Build | House |
| 3:43 | Build | House |
| 4:04 | Create | Villager (Male) |
| 4:45 | Create | Villager (Male) |
| 5:27 | Build | Mill |
| 5:55 | Create | Villager (Male) |
| 5:55 | Create | Villager (Male) |
| 6:40 | Create | Villager (Male) |
| 7:52 | Create | Villager (Male) |
| 7:52 | Create | Villager (Male) |
| 7:52 | Create | Villager (Male) |
| 8:43 | Create | Villager (Male) |
| 8:43 | Create | Villager (Male) |
| 9:24 | Build | Farm |
| 9:27 | Create | Villager (Male) |
| 9:51 | Build | Farm |
| 10:00 | Build | Farm |
| 10:20 | Build | Farm |
| 10:28 | Build | Farm |
| 11:08 | Create | Villager (Male) |
| 11:37 | Build | House |
| 11:43 | Build | Farm |
| 12:02 | Research | Feudal Age |
| 12:13 | Build | House |
| 12:49 | Build | Lumber Camp |
| 13:20 | Create | Villager (Male) |
| 13:20 | Create | Villager (Male) |
| 13:31 | Build | Mill |
| 14:12 | Age | Feudal Age |
| 14:14 | Research | Double-Bit Axe |
| 14:39 | Create | Villager (Male) |
| 14:39 | Create | Villager (Male) |
| 14:47 | Research | Horse Collar |
| 14:57 | Build | Farm |
| 15:08 | Build | Farm |
| 15:12 | Build | Farm |
| 15:27 | Create | Villager (Male) |
| 15:28 | Create | Villager (Male) |
| 15:30 | Create | Villager (Male) |
| 16:08 | Create | Villager (Male) |
| 16:08 | Create | Villager (Male) |
| 16:08 | Create | Villager (Male) |
| 16:08 | Create | Villager (Male) |
| 16:50 | Build | Farm |
| 17:14 | Build | Farm |
| 17:41 | Build | House |
| 17:43 | Build | House |
| 18:03 | Build | Farm |
| 18:20 | Build | Stable |
| 18:29 | Create | Villager (Male) |
| 18:31 | Create | Villager (Male) |
| 18:49 | Build | Market |
| 18:56 | Create | Villager (Male) |
| 18:57 | Create | Villager (Male) |
| 19:04 | Build | Farm |
| 19:10 | Build | Farm |
| 19:12 | Build | Farm |
| 19:41 | Research | Castle Age |
| 19:44 | Build | Farm |
| 20:18 | Build | Farm |
| 20:32 | Build | Farm |
| 20:56 | Build | Farm |
| 22:29 | Create | Scout Cavalry |
| 22:29 | Create | Scout Cavalry |
| 22:29 | Create | Scout Cavalry |
| 22:29 | Create | Scout Cavalry |
| 22:30 | Create | Scout Cavalry |
| 22:30 | Create | Scout Cavalry |
| 22:42 | Age | Castle Age |
| 23:20 | Build | Stable |
| 24:17 | Research | Wheelbarrow |
| 24:30 | Create | Scout Cavalry |
| 24:31 | Create | Scout Cavalry |
| 25:15 | Research | Light Cavalry (upgrade) |
| 25:16 | Create | Scout Cavalry |
| 25:16 | Create | Scout Cavalry |
| 25:16 | Create | Scout Cavalry |
| 25:51 | Create | Villager (Male) |
| 25:51 | Create | Villager (Male) |
| 25:52 | Create | Villager (Male) |
| 26:06 | Research | Heavy Plow |
| 26:31 | Create | Scout Cavalry |
| 26:47 | Create | Villager (Male) |
| 27:19 | Build | Farm |
| 27:25 | Build | Farm |
| 27:38 | Create | Villager (Male) |
| 27:40 | Create | Villager (Male) |
| 27:56 | Build | Farm |
| 27:57 | Build | Farm |
| 28:02 | Create | Scout Cavalry |
| 28:20 | Build | Farm |
| 28:22 | Build | Farm |
| 28:47 | Create | Scout Cavalry |
| 28:47 | Create | Scout Cavalry |
| 29:08 | Create | Villager (Male) |
| 29:40 | Create | Villager (Male) |
| 29:40 | Create | Villager (Male) |
| 30:02 | Research | Bow Saw |
| 31:16 | Create | Villager (Male) |
| 31:17 | Create | Villager (Male) |
| 31:31 | Create | Villager (Male) |
| 31:32 | Create | Villager (Male) |
| 31:55 | Build | Barracks |
| 31:59 | Create | Villager (Male) |
| 31:59 | Create | Villager (Male) |
| 32:21 | Create | Villager (Male) |
| 33:00 | Build | Blacksmith |
| 33:27 | Build | Farm |
| 33:29 | Build | Farm |
| 33:33 | Build | House |
| 33:34 | Build | House |
| 34:11 | Build | Farm |
| 34:39 | Build | House |
| 34:40 | Build | House |
| 34:42 | Build | House |
| 34:45 | Research | Forging |
| 34:46 | Research | Scale Barding Armor |
| 35:53 | Research | Husbandry |
| 35:54 | Create | Scout Cavalry ×5 |
| 35:57 | Create | Scout Cavalry ×5 |
| 36:06 | Create | Spearman |
| 36:06 | Create | Spearman |
| 36:06 | Create | Spearman |
| 36:11 | Build | House |
| 36:12 | Build | House |
| 36:12 | Build | House |
| 36:16 | Build | House |
| 37:03 | Create | Scout Cavalry ×5 |
| 37:57 | Create | Scout Cavalry ×4 |
| 38:02 | Create | Spearman |
| 38:02 | Create | Spearman |
| 42:21 | Build | Town Center |
Build order — Peters
First 150 of 399 actions detected
| 0:30 | Build | Town Center |
| 1:11 | Build | Dock |
| 1:44 | Build | House |
| 2:48 | Create | Villager (Male) |
| 2:48 | Create | Villager (Male) |
| 2:48 | Create | Villager (Male) |
| 2:49 | Create | Villager (Male) |
| 2:49 | Create | Villager (Male) |
| 3:40 | Build | House |
| 3:45 | Create | Villager (Male) |
| 4:38 | Create | Villager (Male) |
| 5:03 | Create | Villager (Male) |
| 5:03 | Create | Villager (Male) |
| 5:12 | Create | Fishing Ship |
| 5:41 | Create | Villager (Male) |
| 5:42 | Create | Villager (Male) |
| 5:59 | Build | House |
| 6:06 | Create | Villager (Male) |
| 6:23 | Create | Villager (Male) |
| 6:23 | Create | Villager (Male) |
| 6:37 | Create | Fishing Ship |
| 7:02 | Create | Villager (Male) |
| 7:03 | Create | Villager (Male) |
| 7:12 | Create | Villager (Male) |
| 7:33 | Create | Fishing Ship |
| 7:34 | Create | Villager (Male) |
| 7:43 | Build | House |
| 7:52 | Create | Villager (Male) |
| 7:52 | Create | Villager (Male) |
| 7:56 | Build | House |
| 8:04 | Create | Villager (Male) |
| 8:26 | Create | Fishing Ship |
| 8:46 | Create | Villager (Male) |
| 8:47 | Create | Villager (Male) |
| 8:47 | Create | Villager (Male) |
| 8:54 | Build | Lumber Camp |
| 8:58 | Create | Villager (Male) |
| 8:58 | Create | Villager (Male) |
| 9:22 | Create | Villager (Male) |
| 9:40 | Create | Villager (Male) |
| 9:40 | Create | Villager (Male) |
| 9:49 | Build | Dock |
| 10:03 | Create | Fishing Ship |
| 10:12 | Create | Villager (Male) |
| 10:12 | Create | Villager (Male) |
| 10:27 | Build | Mill |
| 10:41 | Create | Fishing Ship |
| 10:49 | Create | Villager (Male) |
| 10:53 | Create | Fishing Ship |
| 11:06 | Build | House |
| 11:12 | Build | House |
| 11:17 | Research | Loom |
| 11:25 | Build | Mining Camp |
| 11:48 | Create | Fishing Ship |
| 12:01 | Create | Villager (Male) |
| 12:01 | Create | Villager (Male) |
| 12:30 | Research | Feudal Age |
| 12:36 | Create | Fishing Ship |
| 12:37 | Create | Fishing Ship |
| 12:56 | Build | Dock |
| 13:03 | Create | Villager (Male) |
| 13:20 | Create | Villager (Male) |
| 13:21 | Create | Villager (Male) |
| 13:38 | Build | Barracks |
| 13:45 | Create | Fishing Ship |
| 14:01 | Build | Mining Camp |
| 14:37 | Build | House |
| 14:39 | Build | House |
| 15:01 | Age | Feudal Age |
| 15:18 | Build | Market |
| 15:24 | Create | Fishing Ship |
| 15:26 | Create | Fishing Ship |
| 15:31 | Create | Villager (Male) |
| 15:31 | Create | Villager (Male) |
| 15:36 | Research | Double-Bit Axe |
| 16:11 | Create | Villager (Male) |
| 16:12 | Create | Villager (Male) |
| 16:59 | Build | Blacksmith |
| 17:03 | Build | Stable |
| 17:07 | Create | Villager (Male) |
| 17:08 | Create | Fishing Ship |
| 17:17 | Build | Fish Trap |
| 17:21 | Build | Fish Trap |
| 17:24 | Build | Fish Trap |
| 17:32 | Create | Villager (Male) |
| 17:53 | Create | Fishing Ship |
| 17:54 | Create | Fishing Ship |
| 18:00 | Create | Villager (Male) |
| 18:04 | Build | House |
| 18:05 | Build | House |
| 18:06 | Build | House |
| 18:07 | Build | House |
| 18:10 | Build | House |
| 18:17 | Build | Farm |
| 18:20 | Build | Farm |
| 18:24 | Create | Villager (Male) |
| 18:30 | Build | Farm |
| 18:45 | Build | Fish Trap |
| 18:52 | Create | Villager (Male) |
| 19:01 | Build | Fish Trap |
| 19:10 | Create | Villager (Male) |
| 19:21 | Research | Castle Age |
| 19:35 | Research | Gold Mining |
| 19:55 | Build | Lumber Camp |
| 20:09 | Research | Stone Mining |
| 20:17 | Create | Scout Cavalry |
| 20:17 | Create | Scout Cavalry |
| 20:17 | Create | Scout Cavalry |
| 20:31 | Build | Fish Trap |
| 20:34 | Build | Fish Trap |
| 20:38 | Build | Fish Trap |
| 20:41 | Build | Fish Trap |
| 20:58 | Build | Dock |
| 21:01 | Create | Villager (Male) |
| 21:01 | Create | Villager (Male) |
| 21:53 | Create | Villager (Male) |
| 21:54 | Create | Villager (Male) |
| 21:54 | Create | Villager (Male) |
| 22:01 | Age | Castle Age |
| 22:04 | Create | Fishing Ship |
| 22:06 | Research | Tech 906 |
| 22:09 | Research | Bow Saw |
| 22:19 | Build | Town Center |
| 22:31 | Build | Castle |
| 22:39 | Create | Villager (Male) |
| 22:39 | Create | Villager (Male) |
| 23:03 | Create | Knight |
| 23:03 | Create | Knight |
| 23:03 | Create | Knight |
| 23:04 | Create | Knight |
| 23:13 | Build | House |
| 23:14 | Build | House |
| 23:15 | Build | House |
| 23:16 | Build | House |
| 23:17 | Build | House |
| 23:17 | Build | House |
| 23:23 | Build | Farm |
| 23:28 | Research | Gold Shaft Mining |
| 23:30 | Research | Forging |
| 24:00 | Create | Villager (Male) |
| 24:00 | Create | Villager (Male) |
| 24:01 | Create | Villager (Male) |
| 24:15 | Create | Villager (Male) |
| 24:15 | Create | Villager (Male) |
| 24:16 | Create | Villager (Male) |
| 24:16 | Create | Villager (Male) |
| 24:40 | Build | Farm |
| 24:44 | Build | Farm |
| 24:47 | Build | Farm |
| 24:51 | Build | Farm |
Match timeline
| 1:11 | Peters · first_building Dock |
| 1:12 | OReiDoPoker · first_building Dock |
| 7:43 | heibanbaomc2003 · first_building Dock |
| 9:56 | 2384823078 · first_building Dock |
| 13:07 | esdrasvm · first_building Barracks |
| 13:31 | heibanbaomc2003 · age_up feudal |
| 13:38 | Peters · first_building Barracks |
| 14:12 | younger · age_up feudal |
| 14:22 | esdrasvm · age_up feudal |
| 15:01 | Peters · age_up feudal |
| 15:30 | OReiDoPoker · first_building Barracks |
| 15:32 | esdrasvm · first_building Stable |
| 15:34 | 2384823078 · age_up feudal |
| 16:16 | OReiDoPoker · age_up feudal |
| 16:26 | OReiDoPoker · first_building Archery Range |
| 17:03 | Peters · first_building Stable |
| 17:20 | 2384823078 · first_market_sell 100 stone |
| 17:27 | 2384823078 · first_market_buy 100 food |
| 18:09 | heibanbaomc2003 · first_building Barracks |
| 18:20 | younger · first_building Stable |
| 19:28 | heibanbaomc2003 · first_building Archery Range |
| 19:33 | younger · first_market_sell 100 food |
| 19:38 | heibanbaomc2003 · first_building Stable |
| 19:51 | esdrasvm · age_up castle |
| 20:24 | esdrasvm · first_market_sell 100 food |
| 20:26 | 2384823078 · age_up castle |
| 20:29 | esdrasvm · first_market_buy 100 stone |
| 20:38 | esdrasvm · first_building Castle |
| 20:40 | 2384823078 · first_building Monastery |
| 21:58 | 2384823078 · first_building Castle |
| 22:01 | Peters · age_up castle |
| 22:31 | Peters · first_building Castle |
| 22:42 | younger · age_up castle |
| 24:52 | heibanbaomc2003 · first_market_sell 100 wood |
| 26:04 | heibanbaomc2003 · wall_segment Palisade Wall x5 |
| 26:05 | OReiDoPoker · age_up castle |
| 27:37 | heibanbaomc2003 · age_up castle |
| 29:06 | 2384823078 · first_building Siege Workshop |
| 29:26 | heibanbaomc2003 · first_market_buy 100 stone |
| 30:05 | heibanbaomc2003 · first_building Krepost |
| 31:55 | younger · first_building Barracks |
| 34:53 | Peters · first_building Archery Range |
| 36:43 | Peters · first_building Siege Workshop |
| 36:50 | 2384823078 · first_building Barracks |
| 37:01 | esdrasvm · age_up imperial |
| 38:47 | esdrasvm · first_building Archery Range |
| 38:48 | Peters · age_up imperial |
| 39:44 | 2384823078 · first_building Stable |
| 40:40 | younger · first_market_buy 100 wood |
| 42:28 | heibanbaomc2003 · resign |
[ AI ANALYSIS · 1 CREDIT ]
What really happened in this match?
Wolo.gg analyzes every decision: build order, eco, micro, common mistakes by bracket. Personalized analysis on WhatsApp or Discord in 30 seconds.
Civ guide
Vietnamese
Map guide
Nomad
Perfil
Jugador #18940246